 Dungeon Crawl Stone Soup version 0.29.0-4-gdea44cf6ec (webtiles) character file.

Game seed: 1329782299646124991

124133 qw the Warrior (level 16, -17/231 (240) HPs)
             Began as a Minotaur Berserker on Sept 6, 2022.
             Was an Elder of Trog.
             Demolished by a boulder beetle (21 damage)
             ... on level 2 of the Spider Nest.
             The game lasted 00:13:10 (30147 turns).

qw the Warrior (Minotaur Berserker)                Turns: 30147, Time: 00:13:10

HP:   -17/231 (240) AC: 19    Str: 34    XL:     16   Next: 38%
MP:   15/15         EV: 18    Int: 10    God:    Trog [****..]
Gold: 696           SH: 14    Dex: 17    Spells: 15/15 levels left

rFire   . . .      SeeInvis .   m - +5 hand axe (vamp)
rCold   . . .      Faith    .   B - +0 kite shield
rNeg    . . .      Spirit   .   q - +5 plate armour of the Terrible God {rPois Int+7}
rPois   +          Reflect  .   k - +2 hat {Will+}
rElec   .          Harm     .   n - +1 cloak
rCorr   .          Rampage  .   (no gloves)
Will    ++...                   g - +2 pair of boots
Stlth   ..........              v - amulet "Xomaull" {RegenMP +Inv Regen+ Str+8 Slay-4}
HPRegen 1.28/turn               a - +4 ring of evasion
MPRegen 0.54/turn               y - +4 ring of protection

@: berserking (expiring), lethally poisoned (-17 -> -18), corroded, lightly
drained, very quick
A: horns 2, retaliatory headbutt, hooves 1, agile 1
a: Renounce Religion, Evoke Invisibility, Berserk, Trog's Hand, Brothers in Arms


You were on level 2 of the Spider Nest.
You worshipped Trog.
Trog was greatly pleased with you.
You visited 4 branches of the dungeon, and saw 24 of its levels.

You collected 1967 gold pieces.
You spent 1271 gold pieces at shops.


Innate Abilities, Weirdness & Mutations

You have a pair of horns on your head.
You reflexively headbutt those who attack you in melee.
You have large cloven feet.
You are agile. (Dex +4, Str/Int -1)


   Skills:
 - Level 19.0 Fighting
 - Level 14.1 Axes
 - Level 10.0 Throwing
 - Level 16.6 Armour
 - Level 11.0 Dodging
 + Level 14.7 Shields


You had 15 spell levels left.
You didn't know any spells.
Your spell library was empty.

Inventory:

Hand Weapons
 e - a +0 morningstar
 m - a +5 vampiric hand axe (weapon)
Missiles
 u - 5 boomerangs (quivered)
Armour
 g - a +2 pair of boots (worn)
 k - a +2 hat of willpower (worn)
 n - a +1 cloak (worn)
 q - the +5 plate armour of the Terrible God (worn) {rPois Int+7}
   (You acquired it on level 1 of the Lair of Beasts)

   Int:       It affects your intelligence (+7).
   rPois:     It protects you from poison.
 r - a +7 plate armour of ponderousness
 B - a +0 kite shield (worn)
Jewellery
 a - a +4 ring of evasion (left hand)
 l - a ring of poison resistance
 v - the amulet "Xomaull" (around neck) {RegenMP +Inv Regen+ Str+8 Slay-4}
   (You found it on level 1 of the Lair of Beasts)

   [amulet of magic regeneration]

   It increases your rate of magic regeneration.
   Str:       It affects your strength (+8).
   Slay:      It affects your accuracy & damage with ranged weapons and melee
   (-4).
   +Inv:      It lets you turn invisible.
   Regen:     It increases your rate of health regeneration.
 y - a +4 ring of protection (right hand)
 z - a ring of poison resistance
 Y - a ring of protection from fire
Scrolls
 b - a scroll of brand weapon
 j - 11 scrolls of teleportation
 p - 21 scrolls of identify
Potions
 d - 9 potions of curing
 f - 3 potions of haste
 h - 7 potions of mutation
 s - 2 potions of might
 t - 2 potions of resistance

Dungeon Overview and Level Annotations

Branches:
Dungeon (15/15)            Temple (0/1) D:6            Lair (5/5) D:10
 Shoals (0/4) Lair:2       Spider (2/4) Lair:3        Slime (0/5) Lair:4
    Orc (2/2) D:11            Elf (0/3) Orc:2        Vaults (0/5) D:14
 Depths (0/4) D:15

Altars:
Ashenzari
Dithmenos
Elyvilon
Gozag
Hepliaklqana
Kikubaaqudgha
Makhleb
Okawaru
Wu Jian
Jiyva

Shops:
D:12 ?   Orc:2 *?[[(

Annotations:
D:4 1 runed translucent door, Crazy Yiuf
D:15 2 transporters, Xiestris's ghost, journeyman DsGl


Message History

You block the entropy weaver's attack. The boulder beetle closely misses you.
You block the redback's attack.
The redback's wounds heal themselves!
You hit the boulder beetle but do no damage.
You headbutt the boulder beetle, but do no damage.
The boulder beetle is lightly wounded.
You slash the entropy weaver!
You feel better.
You closely miss the redback. You miss the jorogumo.
You feel sick. You block the jorogumo's attack.
You barely miss the boulder beetle.
You headbutt the boulder beetle, but do no damage.
The boulder beetle is lightly wounded.
You hit the entropy weaver. You slash the redback! You hit the jorogumo.
You feel sick. You block the boulder beetle's attack.
You block the redback's attack. The entropy weaver barely misses you.
The entropy weaver hits you! The entropy weaver hits you.
The entropy weaver hits you but does no damage.
You hit the redback.
You feel better.
The redback is severely wounded.
You hit the entropy weaver but do no damage.
You miss the jorogumo. You hit the boulder beetle.
You feel better.
You feel sick. The redback completely misses you.
The boulder beetle bites you but does no damage.
The jorogumo hits you!
You closely miss the redback.
The redback is severely wounded.
You hit the jorogumo.
You feel better.
You hit the boulder beetle but do no damage.
You hit the entropy weaver but do no damage.
You feel sick.
The entropy weaver hits you but does no damage.
You block the entropy weaver's attack. The entropy weaver hits you! x2
The redback closely misses you. You furiously retaliate!
You headbutt the redback! You barely miss the redback.
The redback is almost dead.
You closely miss the jorogumo.
You hit the boulder beetle but do no damage.
You barely miss the entropy weaver. The boulder beetle bites you!!
You die...

#... .# ...# ..#.
.# ... ###.... (..
.## #.s ...#.s #..
....#ss##..#.# #.
..#...ssss#....# #
#.^.. #y.%.s# ..#
..#..####s#.#..# #
#...yB@ss...#
#..#.#.##BH.#..#
.......#s#%#...#
#.##.#...#^..#...
. ##
#.#....#..#....#..
#.#. ..
#..##.#..#.#..# .
#...##.
#...#....#.. .#
.^#...
#..#..####... # #.
#..###........# ..


You could see a jorogumo, a boulder beetle (berserk), an entropy weaver, a moth
of wrath, an orb spider (charged), a culicivora, a jumping spider and a redback.

Vanquished Creatures
  Gastronok (D:8)
  An orc warlord (Orc:2)
  11 slime creatures
  3 entropy weavers
  3 ettins
  3 ogre magi
  A merfolk avatar (Lair:5)
  5 vault guards (D:14)
  8 hydras
  5 boulder beetles
  A radroach (Spider:2)
  2 anacondas (Lair:4)
  A centaur warrior (D:14)
  6 two-headed ogres
  2 tengu warriors (D:15)
  16 death yaks
  A deep elf knight (D:14)
  An orc high priest (Orc:2)
  4 skeletal warriors (D:14)
  A sun moth (Spider:2)
  2 pharaoh ants (Spider:1)
  An orb spider (Spider:1)
  2 necromancers (D:15)
  7 orc knights
  Pikel (D:4)
  A deep elf zephyrmancer (D:8)
  4 oklob plants (Lair:3)
  2 deep elf pyromancers
  2 lindwurms (Lair:5)
  5 cyclopes
  An orc sorcerer (Orc:2)
  A manticore (shapeshifter) (D:14)
  6 ugly things (D:15)
  7 wolf spiders
  A salamander (shapeshifter) (D:15)
  11 elephants
  2 moths of wrath (Spider:1)
  4 manticores
  Joseph (D:9)
  A merfolk siren (Lair:2)
  6 black mambas
  14 cane toads
  2 torpor snails
  3 gargoyles (D:11)
  Maggie (Lair:1)
  5 rime drakes
  A demonic crawler (Spider:1)
  An efreet (D:14)
  A kobold demonologist (D:13)
  6 komodo dragons
  4 yaktaurs (D:15)
  3 polar bears
  A wind drake (Lair:5)
  8 trolls
  Grinder (D:6)
  25 blink frogs
  7 saltlings (Orc:2)
  7 tarantellas
  2 snapping turtles (Lair:5)
  Prince Ribbit (D:6)
  A raiju (shapeshifter) (D:13)
  2 dream sheep (Lair:5)
  11 culicivoras
  11 wyverns
  16 jumping spiders
  A centaur simulacrum (D:14)
  Sigmund (D:2)
  35 yaks
  A human (D:14)
  6 basilisks
  2 wraiths
  6 steam dragons
  8 vampire mosquitoes
  Menkaure (D:6)
  19 redbacks
  7 wargs
  2 acid dragons
  7 water moccasins
  Duvessa (D:6)
  21 orc warriors
  Pargi (D:4)
  2 black bears
  2 ice beasts (D:6)
  5 ogres
  3 centaurs
  21 wolves
  2 phantoms (D:4)
  2 lemures (D:4)
  2 kobold brigands
  12 bullfrogs
  3 gnoll sergeants
  5 scorpions
  5 wights (D:8)
  Dowan (D:6)
  5 killer bees (D:7)
  4 howler monkeys (D:9)
  5 electric eels
  2 hounds
  6 jellies
  18 orc priests
  Natasha (thrice) (D:2)
  28 orc wizards
  6 iguanas
  Terence (D:3)
  A hell rat (Lair:4)
  Robin (D:4)
  33 gnolls
  8 adders
  13 white imps
  2 ufetubi (D:6)
  3 worms
  3 dart slugs (D:1)
  83 orcs
  4 endoplasms
  3 giant cockroaches
  16 goblins
  17 hobgoblins
  2 jackals (D:1)
  5 quokkas
  3 ball pythons
  4 bats
  2 frilled lizards
  17 kobolds
  4 rats
  3 pillars of salt (Orc:2)
767 creatures vanquished.

Vanquished Creatures (collateral kills)
  3 hydras
  A death yak (Lair:3)
  2 orb spiders
  A wolf spider (Spider:1)
  A demonic crawler (Spider:2)
  2 tarantellas (Spider:2)
  A jumping spider (Spider:1)
  A culicivora (Spider:2)
  5 redbacks
  An orc warrior (Orc:2)
  2 electric eels (Lair:4)
20 creatures vanquished.

Vanquished Creatures (others)
  A catoblepas (Lair:5)
  An unseen horror (shapeshifter) (D:15)
  A culicivora (Spider:1)
  21 fungi
  4 pillars of salt (Orc:2)
  78 plants
106 creatures vanquished.

Grand Total: 893 creatures vanquished

Notes
Turn   | Place    | Note
-------+----------+-------------------------------------------
     0 | D:1      | qw the Minotaur Berserker began the quest for the Orb.
     0 | D:1      | Reached XP level 1. HP: 19/19 MP: 0/0
     0 | D:1      | 0 ||| qw: Version: 0.1-a-107-g9ff403c
     0 | D:1      | 0 ||| qw: Game counter: 6111
     0 | D:1      | 0 ||| qw: Always use a shield: true
     0 | D:1      | 0 ||| qw: Do Orc after D:15 true
     0 | D:1      | 0 ||| qw: Do second Lair branch before Depths: true
     0 | D:1      | 0 ||| qw: Lair rune preference: random
     0 | D:1      | 0 ||| qw: Plans: Normal
     0 | D:1      | 0 ||| PLANNING D:1-11
   197 | D:1      | Reached XP level 2. HP: 25/26 MP: 1/1
   254 | D:1      | 254 ||| Stepping ~*~*~tactically~*~*~ (hiding).
   450 | D:1      | 450 ||| Stepping ~*~*~tactically~*~*~ (hiding).
   552 | D:1      | 552 ||| Stepping ~*~*~tactically~*~*~ (hiding).
   556 | D:1      | Found a faded altar of an unknown god.
   727 | D:1      | 727 ||| Stepping ~*~*~tactically~*~*~ (stealth).
   729 | D:1      | 729 ||| Stepping ~*~*~tactically~*~*~ (stealth).
   958 | D:1      | 958 ||| UPGRADING to +2 hat.
   963 | D:1      | 963 ||| READING 3 scrolls labelled PYIVATHYVEO.
   964 | D:1      | 964 ||| READING 2 scrolls of enchant weapon.
   964 | D:1      | 964 ||| ENCHANTING +1 hand axe.
   965 | D:1      | 965 ||| READING scroll of enchant weapon.
   965 | D:1      | 965 ||| ENCHANTING +2 hand axe.
   966 | D:1      | 966 ||| READING scroll labelled PUKEAMP JAOLL.
   967 | D:1      | 967 ||| READING scroll labelled OZACRYCHOS.
   971 | D:1      | 971 ||| DRINKING 2 red potions.
   971 | D:1      | Gained mutation: You are agile. (Dex +4, Str/Int -1)
                  | [potion of mutation]
   971 | D:1      | Gained mutation: You have large cloven feet. [potion of
                  | mutation]
  1019 | D:2      | Noticed Natasha
  1021 | D:2      | 1021 ||| Stepping ~*~*~tactically~*~*~ (hiding).
  1024 | D:2      | 1024 ||| INVOKING Berserk.
  1026 | D:2      | Killed Natasha
  1027 | D:2      | Reached XP level 3. HP: 31/31 MP: 2/2
  1036 | D:2      | Noticed Natasha
  1042 | D:2      | Killed Natasha
  1043 | D:2      | Reached skill level 6 in Axes
  1043 | D:2      | Reached XP level 4. HP: 24/39 MP: 3/3
  1166 | D:2      | Found a burning altar of Makhleb.
  1295 | D:2      | 1295 ||| INVOKING Berserk.
  1367 | D:2      | 1367 ||| DROPPING +0 club.
  1398 | D:2      | Noticed Sigmund
  1399 | D:2      | 1399 ||| Stepping ~*~*~tactically~*~*~ (hiding).
  1503 | D:2      | 1503 ||| Stepping ~*~*~tactically~*~*~ (hiding).
  1506 | D:2      | 1506 ||| INVOKING Berserk.
  1508 | D:2      | Killed Sigmund
  1509 | D:2      | Reached XP level 5. HP: 45/45 MP: 4/4
  1728 | D:2      | 1728 ||| INVOKING Berserk.
  1730 | D:2      | Reached XP level 6. HP: 52/52 MP: 5/5
  1734 | D:2      | 1734 ||| FLEEEEING.
  1739 | D:2      | 1739 ||| STAIRDANCE
  1841 | D:1      | 1841 ||| UPGRADING to +0 leather armour.
  1851 | D:1      | 1851 ||| DROPPING +0 animal skin.
  1852 | D:1      | 1852 ||| DRINKING 2 purple potions.
  1857 | D:2      | Noticed Natasha
  1858 | D:2      | 1858 ||| INVOKING Berserk.
  1859 | D:2      | 1859 ||| INVOKING Berserk.
  1861 | D:2      | Killed Natasha
  1862 | D:2      | Reached skill level 4 in Fighting
  1973 | D:2      | 1973 ||| Stepping ~*~*~tactically~*~*~ (stealth).
  1977 | D:2      | 1977 ||| Stepping ~*~*~tactically~*~*~ (stealth).
  2080 | D:2      | 2080 ||| Stepping ~*~*~tactically~*~*~ (stealth).
  2083 | D:2      | 2083 ||| Stepping ~*~*~tactically~*~*~ (stealth).
  2125 | D:2      | 2125 ||| Stepping ~*~*~tactically~*~*~ (stealth).
  2128 | D:2      | 2128 ||| INVOKING Berserk.
  2129 | D:2      | 2129 ||| INVOKING Berserk.
  2188 | D:2      | 2188 ||| DROPPING +0 whip.
  2294 | D:2      | 2294 ||| UPGRADING to +0 ring mail.
  2304 | D:2      | 2304 ||| DROPPING +0 leather armour.
  2305 | D:2      | 2305 ||| DRINKING 2 fuming yellow potions.
  2410 | D:2      | 2410 ||| DRINKING 2 pink potions.
  2411 | D:2      | 2411 ||| DROPPING potion of berserk rage.
  2449 | D:3      | 2449 ||| INVOKING Berserk.
  2692 | D:3      | Found a broken altar of Ashenzari.
  2826 | D:3      | Noticed Terence
  2827 | D:3      | 2827 ||| INVOKING Berserk.
  2831 | D:3      | Killed Terence
  2944 | D:3      | Reached skill level 9 in Axes
  3112 | D:3      | 3112 ||| Stepping ~*~*~tactically~*~*~ (stealth).
  3114 | D:3      | Reached ** piety under Trog
  3124 | D:3      | 3124 ||| Stepping ~*~*~tactically~*~*~ (hiding).
  3164 | D:3      | Identified the +7 dagger "Xolaxt" {freeze, rF- rC+ Int+4
                  | SInv}
  3305 | D:3      | 3305 ||| UPGRADING to +0 scale mail.
  3315 | D:3      | 3315 ||| DROPPING +0 ring mail.
  3316 | D:3      | 3316 ||| READING scroll labelled EVIJOM UXOIJ.
  3317 | D:3      | 3317 ||| READING scroll labelled AWKEABEACA.
  3318 | D:3      | 3318 ||| READING scroll labelled FAOBICR RAUS.
  3419 | D:3      | 3419 ||| DRINKING 3 lumpy grey potions.
  3444 | D:3      | 3444 ||| DRINKING 2 coppery potions.
  3445 | D:3      | 3445 ||| DROPPING 2 potions of lignification.
  3446 | D:3      | 3446 ||| DROPPING potion of flight.
  3452 | D:4      | 3452 ||| PLANNING SEWER
  3459 | D:4      | Found a runed translucent door.
  3460 | D:4      | Noticed Crazy Yiuf
  3558 | D:4      | Noticed Pikel
  3563 | D:4      | 3563 ||| INVOKING Berserk.
  3572 | D:4      | Killed Pikel
  3573 | D:4      | Reached skill level 7 in Fighting
  3573 | D:4      | Reached XP level 7. HP: 51/67 MP: 6/6
  3716 | D:4      | 3716 ||| INVOKING Berserk.
  3876 | D:4      | Found an ancient bone altar of Kikubaaqudgha.
  4025 | D:4      | 4025 ||| INVOKING Berserk.
  4027 | D:4      | Reached XP level 8. HP: 74/74 MP: 7/7
  4037 | D:4      | Noticed Robin
  4046 | D:4      | 4046 ||| RIP SEWER
  4047 | D:4      | 4047 ||| PLANNING D:1-11
  4058 | D:4      | Killed Robin
  4344 | D:4      | Noticed Pargi
  4355 | D:4      | Killed Pargi
  4356 | D:4      | Reached skill level 3 in Dodging
  4429 | D:4      | 4429 ||| INVOKING Berserk.
  4742 | D:4      | 4742 ||| UPGRADING to +0 plate armour.
  4752 | D:4      | 4752 ||| DROPPING +0 scale mail.
  4753 | D:4      | 4753 ||| UPGRADING to +0 cloak.
  4758 | D:4      | 4758 ||| READING scroll labelled JATAGO SYPRURO.
  4759 | D:4      | 4759 ||| READING scroll labelled CUNUFI VICORYT.
  4760 | D:4      | 4760 ||| READING scroll labelled XEBBIOXZOI.
  4761 | D:4      | 4761 ||| READING 2 scrolls of teleportation.
  4851 | D:5      | Entered Level 5 of the Dungeon
  4881 | D:5      | 4881 ||| INVOKING Berserk.
  5000 | D:5      | Reached skill level 3 in Armour
  5127 | D:5      | 5127 ||| Stepping ~*~*~tactically~*~*~ (hiding).
  5130 | D:5      | 5130 ||| Stepping ~*~*~tactically~*~*~ (hiding).
  5131 | D:5      | 5131 ||| Stepping ~*~*~tactically~*~*~ (hiding).
  5132 | D:5      | 5132 ||| Stepping ~*~*~tactically~*~*~ (hiding).
  5140 | D:5      | 5140 ||| Stepping ~*~*~tactically~*~*~ (hiding).
  5142 | D:5      | 5142 ||| Stepping ~*~*~tactically~*~*~ (hiding).
  5143 | D:5      | 5143 ||| Stepping ~*~*~tactically~*~*~ (hiding).
  5251 | D:5      | 5251 ||| Stepping ~*~*~tactically~*~*~ (stealth).
  5294 | D:5      | 5294 ||| Stepping ~*~*~tactically~*~*~ (stealth).
  5298 | D:5      | 5298 ||| Stepping ~*~*~tactically~*~*~ (stealth).
  5342 | D:5      | 5342 ||| INVOKING Berserk.
  5540 | D:5      | 5540 ||| Stepping ~*~*~tactically~*~*~ (stealth).
  5541 | D:5      | 5541 ||| Stepping ~*~*~tactically~*~*~ (stealth).
  6221 | D:5      | 6221 ||| READING scroll labelled UGEARH JUTE.
  6222 | D:5      | 6222 ||| READING scroll labelled QENNIQ LAZYTA.
  6223 | D:5      | 6223 ||| READING 2 scrolls labelled XUD DIPUCIS.
  6224 | D:5      | 6224 ||| READING scroll labelled HELYSMAERO.
  6225 | D:5      | 6225 ||| READING 2 scrolls of identify.
  6225 | D:5      | 6225 ||| IDENTIFYING bubbling cyan potion
  6226 | D:5      | 6226 ||| DROPPING scroll of fear.
  6254 | D:6      | Noticed Menkaure
  6255 | D:6      | 6255 ||| Stepping ~*~*~tactically~*~*~ (stealth).
  6257 | D:6      | 6257 ||| INVOKING Berserk.
  6260 | D:6      | Killed Menkaure
  6294 | D:6      | 6294 ||| FLEEEEING.
  6295 | D:6      | 6295 ||| FLEEEEING.
  6296 | D:6      | 6296 ||| STAIRDANCE
  6404 | D:6      | 6404 ||| STAIRDANCE
  6483 | D:6      | Noticed Grinder
  6484 | D:6      | 6484 ||| Stepping ~*~*~tactically~*~*~ (stealth).
  6489 | D:6      | 6489 ||| Stepping ~*~*~tactically~*~*~ (hiding).
  6492 | D:6      | 6492 ||| INVOKING Trog's Hand.
  6495 | D:6      | 6495 ||| INVOKING Berserk.
  6499 | D:6      | Reached XP level 9. HP: 80/80 MP: 8/8
  6502 | D:6      | Killed Grinder
  6631 | D:6      | 6631 ||| INVOKING Berserk.
  6633 | D:6      | Reached skill level 12 in Axes
  6762 | D:6      | Found a staircase to the Ecumenical Temple.
  6858 | D:6      | Found a white marble altar of Elyvilon.
  6929 | D:6      | Reached skill level 6 in Armour
  6964 | D:6      | 6964 ||| INVOKING Berserk.
  7018 | D:6      | Noticed Prince Ribbit
  7022 | D:6      | 7022 ||| INVOKING Berserk.
  7028 | D:6      | Killed Prince Ribbit
  7170 | D:6      | Noticed Duvessa
  7171 | D:6      | 7171 ||| INVOKING Berserk.
  7174 | D:6      | Noticed Dowan
  7176 | D:6      | Killed Duvessa
  7187 | D:6      | Killed Dowan
  7333 | D:6      | Found an ornate altar of the Wu Jian Council.
  7333 | D:6      | Found an opulent altar of Gozag.
  7343 | D:6      | 7343 ||| UPGRADING to +4 ring of evasion.
  7344 | D:6      | 7344 ||| READING 2 scrolls of identify.
  7344 | D:6      | 7344 ||| IDENTIFYING green potion
  7345 | D:6      | 7345 ||| DROPPING potion of brilliance.
  7393 | D:7      | Reached skill level 8 in Fighting
  7485 | D:7      | 7485 ||| INVOKING Berserk.
  7695 | D:7      | 7695 ||| Stepping ~*~*~tactically~*~*~ (stealth).
  7697 | D:7      | 7697 ||| Stepping ~*~*~tactically~*~*~ (hiding).
  7698 | D:7      | 7698 ||| Stepping ~*~*~tactically~*~*~ (hiding).
  7700 | D:7      | 7700 ||| Stepping ~*~*~tactically~*~*~ (hiding).
  7702 | D:7      | 7702 ||| Stepping ~*~*~tactically~*~*~ (hiding).
  7714 | D:7      | Reached skill level 1 in Throwing
  8055 | D:7      | 8055 ||| Stepping ~*~*~tactically~*~*~ (stealth).
  8209 | D:7      | 8209 ||| INVOKING Berserk.
  8212 | D:7      | Reached *** piety under Trog
  8419 | D:7      | 8419 ||| INVOKING Berserk.
  8761 | D:7      | 8761 ||| UPGRADING to +0 pair of boots.
  8766 | D:7      | 8766 ||| READING 4 scrolls of identify.
  8766 | D:7      | 8766 ||| IDENTIFYING brown potion
  8767 | D:7      | 8767 ||| READING 3 scrolls of identify.
  8767 | D:7      | 8767 ||| IDENTIFYING emerald potion
  8768 | D:7      | 8768 ||| DROPPING potion of attraction.
  8769 | D:7      | 8769 ||| DROPPING potion of degeneration.
  8881 | D:8      | Reached XP level 10. HP: 88/88 MP: 9/9
  9034 | D:8      | Noticed Gastronok
  9035 | D:8      | 9035 ||| Stepping ~*~*~tactically~*~*~ (hiding).
  9039 | D:8      | 9039 ||| Stepping ~*~*~tactically~*~*~ (hiding).
  9047 | D:8      | 9047 ||| INVOKING Berserk.
  9057 | D:8      | Killed Gastronok
  9058 | D:8      | Reached skill level 9 in Armour
  9260 | D:8      | 9260 ||| Stepping ~*~*~tactically~*~*~ (hiding).
  9266 | D:8      | 9266 ||| Stepping ~*~*~tactically~*~*~ (stealth).
  9349 | D:8      | 9349 ||| Stepping ~*~*~tactically~*~*~ (hiding).
  9465 | D:8      | 9465 ||| FLEEEEING.
  9466 | D:8      | 9466 ||| FLEEEEING.
  9467 | D:8      | 9467 ||| FLEEEEING.
  9468 | D:8      | 9468 ||| FLEEEEING.
  9469 | D:8      | 9469 ||| FLEEEEING.
  9470 | D:8      | 9470 ||| FLEEEEING.
  9471 | D:8      | 9471 ||| FLEEEEING.
  9472 | D:8      | 9472 ||| FLEEEEING.
  9473 | D:8      | 9473 ||| FLEEEEING.
  9474 | D:8      | 9474 ||| FLEEEEING.
  9476 | D:8      | 9476 ||| FLEEEEING.
  9478 | D:8      | 9478 ||| FLEEEEING.
  9479 | D:8      | 9479 ||| FLEEEEING.
  9480 | D:8      | 9480 ||| FLEEEEING.
  9481 | D:8      | 9481 ||| FLEEEEING.
  9564 | D:8      | Noticed a deep elf zephyrmancer
  9580 | D:8      | Killed a deep elf zephyrmancer
  9581 | D:8      | Reached skill level 9 in Fighting
  9821 | D:8      | 9821 ||| Stepping ~*~*~tactically~*~*~ (hiding).
  9840 | D:8      | 9840 ||| Stepping ~*~*~tactically~*~*~ (stealth).
  9958 | D:8      | 9958 ||| UPGRADING to +2 hat of willpower.
  9968 | D:8      | 9968 ||| DROPPING +2 hat.
 10142 | D:9      | 10142 ||| Stepping ~*~*~tactically~*~*~ (stealth).
 10143 | D:9      | 10143 ||| Stepping ~*~*~tactically~*~*~ (stealth).
 10146 | D:9      | 10146 ||| Stepping ~*~*~tactically~*~*~ (stealth).
 10147 | D:9      | 10147 ||| Stepping ~*~*~tactically~*~*~ (stealth).
 10153 | D:9      | Reached skill level 10 in Fighting
 10185 | D:9      | 10185 ||| Stepping ~*~*~tactically~*~*~ (stealth).
 10207 | D:9      | Reached **** piety under Trog
 10269 | D:9      | 10269 ||| READING scroll of enchant weapon.
 10269 | D:9      | 10269 ||| ENCHANTING +3 vampiric hand axe.
 10367 | D:9      | 10367 ||| Stepping ~*~*~tactically~*~*~ (stealth).
 10371 | D:9      | 10371 ||| INVOKING Berserk.
 10758 | D:9      | 10758 ||| Stepping ~*~*~tactically~*~*~ (stealth).
 10760 | D:9      | 10760 ||| Stepping ~*~*~tactically~*~*~ (stealth).
 10761 | D:9      | 10761 ||| Stepping ~*~*~tactically~*~*~ (stealth).
 10762 | D:9      | 10762 ||| Stepping ~*~*~tactically~*~*~ (stealth).
 10768 | D:9      | 10768 ||| Stepping ~*~*~tactically~*~*~ (stealth).
 10769 | D:9      | 10769 ||| Stepping ~*~*~tactically~*~*~ (stealth).
 10770 | D:9      | 10770 ||| Stepping ~*~*~tactically~*~*~ (stealth).
 10772 | D:9      | Reached skill level 11 in Fighting
 10776 | D:9      | Reached XP level 11. HP: 102/102 MP: 10/10
 10784 | D:9      | Noticed Joseph
 10809 | D:9      | Killed Joseph
 10918 | D:9      | 10918 ||| Stepping ~*~*~tactically~*~*~ (hiding).
 10924 | D:9      | 10924 ||| Stepping ~*~*~tactically~*~*~ (hiding).
 10946 | D:9      | 10946 ||| Stepping ~*~*~tactically~*~*~ (hiding).
 10952 | D:9      | 10952 ||| INVOKING Berserk.
 11062 | D:9      | 11062 ||| DROPPING +0 flail.
 11119 | D:9      | Found an iron altar of Okawaru.
 11343 | D:10     | Entered Level 10 of the Dungeon
 11491 | D:10     | 11491 ||| Stepping ~*~*~tactically~*~*~ (hiding).
 11494 | D:10     | 11494 ||| Stepping ~*~*~tactically~*~*~ (hiding).
 11540 | D:10     | 11540 ||| Stepping ~*~*~tactically~*~*~ (stealth).
 11563 | D:10     | Noticed a two-headed ogre
 11569 | D:10     | 11569 ||| INVOKING Berserk.
 11572 | D:10     | Killed a two-headed ogre
 11573 | D:10     | Reached skill level 12 in Fighting
 11607 | D:10     | Noticed a two-headed ogre
 11608 | D:10     | 11608 ||| FLEEEEING.
 11609 | D:10     | 11609 ||| FLEEEEING.
 11612 | D:10     | 11612 ||| FLEEEEING.
 11613 | D:10     | 11613 ||| FLEEEEING.
 11614 | D:10     | 11614 ||| FLEEEEING.
 11615 | D:10     | 11615 ||| FLEEEEING.
 11616 | D:10     | 11616 ||| FLEEEEING.
 11617 | D:10     | 11617 ||| FLEEEEING.
 11619 | D:10     | 11619 ||| FLEEEEING.
 11624 | D:10     | 11624 ||| INVOKING Berserk.
 11629 | D:10     | Killed a two-headed ogre
 11656 | D:10     | 11656 ||| FLEEEEING.
 11766 | D:10     | 11766 ||| Stepping ~*~*~tactically~*~*~ (hiding).
 11771 | D:10     | 11771 ||| INVOKING Berserk.
 11950 | D:10     | Found a staircase to the Lair.
 12032 | D:10     | Found a hazy altar of Hepliaklqana.
 12036 | D:10     | Found a shadowy altar of Dithmenos.
 12340 | D:10     | 12340 ||| PLANNING LAIR
 12340 | D:10     | 12340 ||| UPGRADING to +2 buckler.
 12345 | D:10     | 12345 ||| UPGRADING to amulet of guardian spirit.
 12350 | D:10     | 12350 ||| UPGRADING to ring of willpower.
 12412 | Lair:1   | Entered Level 1 of the Lair of Beasts
 12422 | Lair:1   | Reached skill level 1 in Shields
 12432 | Lair:1   | 12432 ||| INVOKING Berserk.
 12446 | Lair:1   | Reached skill level 3 in Shields
 12469 | Lair:1   | Noticed Maggie
 12474 | Lair:1   | Reached skill level 6 in Shields
 12501 | Lair:1   | Killed Maggie
 12575 | Lair:1   | Found a hazy altar of Hepliaklqana.
 12749 | Lair:1   | Identified the amulet "Xomaull" {RegenMP +Inv Regen+ Str+8
                  | Slay-4}
 13157 | Lair:1   | 13157 ||| UPGRADING to amulet "Xomaull" {RegenMP +Inv
                  | Regen+ Str+8 Slay-4}.
 13167 | Lair:1   | 13167 ||| DROPPING amulet of guardian spirit.
 13168 | Lair:1   | 13168 ||| READING scroll labelled HIUTIS TERPHECS.
 13169 | Lair:1   | 13169 ||| READING scroll labelled SODUWN WUORCH.
 13170 | Lair:1   | 13170 ||| READING scroll labelled ACIARPHA ZIURECS.
 13170 | Lair:1   | Identified a scroll of acquirement
 13170 | Lair:1   | 13170 ||| ACQUIRING +5 plate armour of the Terrible God
                  | {rPois Int+7}
 13170 | Lair:1   | Acquired the +5 plate armour of the Terrible God {rPois
                  | Int+7}
 13172 | Lair:1   | 13172 ||| UPGRADING to +5 plate armour of the Terrible God
                  | {rPois Int+7}.
 13182 | Lair:1   | 13182 ||| DROPPING +0 plate armour.
 13183 | Lair:1   | 13183 ||| READING 3 scrolls of identify.
 13183 | Lair:1   | 13183 ||| IDENTIFYING inky potion
 13225 | Lair:2   | 13225 ||| INVOKING Berserk.
 13234 | Lair:2   | 13234 ||| STAIRDANCE
 13371 | Lair:2   | Found a staircase to the Shoals.
 13391 | Lair:2   | Reached skill level 6 in Dodging
 13396 | Lair:2   | You fall into a shaft and drop 1 floor!
 13408 | Lair:3   | 13408 ||| INVOKING Berserk.
 13606 | Lair:3   | 13606 ||| INVOKING Berserk.
 13611 | Lair:3   | Reached XP level 12. HP: 112/112 MP: 11/11
 13766 | Lair:3   | Found a hole to the Spider Nest.
 13832 | Lair:2   | Reached skill level 13 in Fighting
 13871 | Lair:2   | 13871 ||| INVOKING Berserk.
 14025 | Lair:2   | 14025 ||| Stepping ~*~*~tactically~*~*~ (hiding).
 14108 | Lair:2   | Reached skill level 12 in Armour
 14109 | Lair:2   | 14109 ||| Stepping ~*~*~tactically~*~*~ (stealth).
 14110 | Lair:2   | 14110 ||| Stepping ~*~*~tactically~*~*~ (stealth).
 14191 | Lair:2   | 14191 ||| Stepping ~*~*~tactically~*~*~ (hiding).
 14403 | Lair:2   | Noticed a six-headed hydra
 14404 | Lair:2   | 14404 ||| INVOKING Brothers in Arms.
 14405 | Lair:2   | 14405 ||| INVOKING Brothers in Arms.
 14407 | Lair:2   | 14407 ||| INVOKING Brothers in Arms.
 14408 | Lair:2   | 14408 ||| INVOKING Brothers in Arms.
 14409 | Lair:2   | 14409 ||| SWAPPING to +0 morningstar.
 14410 | Lair:2   | 14410 ||| INVOKING Berserk.
 14412 | Lair:2   | Killed a six-headed hydra
 14424 | Lair:2   | 14424 ||| SWAPPING to +4 vampiric hand axe.
 14534 | Lair:2   | 14534 ||| Stepping ~*~*~tactically~*~*~ (hiding).
 14538 | Lair:2   | 14538 ||| INVOKING Berserk.
 14558 | Lair:2   | Reached skill level 9 in Shields
 14765 | Lair:2   | 14765 ||| Stepping ~*~*~tactically~*~*~ (stealth).
 14767 | Lair:2   | 14767 ||| Stepping ~*~*~tactically~*~*~ (stealth).
 14769 | Lair:2   | 14769 ||| INVOKING Berserk.
 15139 | Lair:2   | 15139 ||| UPGRADING to +6 ring of dexterity.
 15141 | Lair:2   | 15141 ||| UPGRADING to ring of protection from fire.
 15143 | Lair:2   | 15143 ||| DROPPING ring of willpower.
 15144 | Lair:2   | 15144 ||| READING 3 scrolls of identify.
 15144 | Lair:2   | 15144 ||| IDENTIFYING fizzy red potion
 15145 | Lair:2   | 15145 ||| DROPPING potion of magic.
 15222 | Lair:3   | 15222 ||| Stepping ~*~*~tactically~*~*~ (stealth).
 15259 | Lair:3   | 15259 ||| READING scroll of enchant armour.
 15259 | Lair:3   | 15259 ||| ENCHANTING +0 pair of boots.
 15307 | Lair:3   | Reached skill level 14 in Fighting
 15339 | Lair:3   | Noticed a death yak
 15340 | Lair:3   | Noticed a death yak
 15340 | Lair:3   | 15340 ||| Stepping ~*~*~tactically~*~*~ (stealth).
 15343 | Lair:3   | Noticed a death yak
 15345 | Lair:3   | Noticed a death yak
 15346 | Lair:3   | 15346 ||| INVOKING Berserk.
 15357 | Lair:3   | Killed a death yak
 15359 | Lair:3   | Killed a death yak
 15370 | Lair:3   | Killed a death yak
 15383 | Lair:3   | Killed a death yak
 15661 | Lair:3   | Noticed a death yak
 15662 | Lair:3   | Noticed a death yak
 15665 | Lair:3   | Noticed a death yak
 15666 | Lair:3   | 15666 ||| Stepping ~*~*~tactically~*~*~ (stealth).
 15667 | Lair:3   | 15667 ||| INVOKING Berserk.
 15668 | Lair:3   | Noticed a death yak
 15676 | Lair:3   | Killed a death yak
 15682 | Lair:3   | Killed a death yak
 15683 | Lair:3   | Reached XP level 13. HP: 125/125 MP: 12/12
 15698 | Lair:3   | 15698 ||| INVOKING Brothers in Arms.
 15699 | Lair:3   | 15699 ||| INVOKING Brothers in Arms.
 15700 | Lair:3   | 15700 ||| SWAPPING to +0 morningstar.
 15702 | Lair:3   | HP: 30/125 [nine-headed hydra (6)]
 15703 | Lair:3   | 15703 ||| READING 8 scrolls of teleportation.
 15704 | Lair:3   | 15704 ||| DRINKING 5 potions of heal wounds.
 15705 | Lair:3   | 15705 ||| SWAPPING to +4 vampiric hand axe.
 15858 | Lair:3   | 15858 ||| INVOKING Berserk.
 15864 | Lair:3   | Reached skill level 15 in Fighting
 15999 | Lair:3   | 15999 ||| INVOKING Berserk.
 16143 | Lair:3   | 16143 ||| INVOKING Berserk.
 16261 | Lair:3   | 16261 ||| INVOKING Berserk.
 16270 | Lair:3   | Reached skill level 9 in Dodging
 16381 | Lair:3   | Identified the +4 sling of the Big Fish {vorpal, rPois}
 16456 | Lair:3   | 16456 ||| INVOKING Berserk.
 16579 | Lair:3   | 16579 ||| Stepping ~*~*~tactically~*~*~ (hiding).
 16744 | Lair:4   | 16744 ||| INVOKING Berserk.
 16772 | Lair:4   | 16772 ||| FLEEEEING.
 16773 | Lair:4   | 16773 ||| FLEEEEING.
 16774 | Lair:4   | 16774 ||| FLEEEEING.
 16775 | Lair:4   | 16775 ||| FLEEEEING.
 16788 | Lair:4   | 16788 ||| FLEEEEING.
 16789 | Lair:4   | 16789 ||| STAIRDANCE
 16955 | Lair:4   | 16955 ||| INVOKING Berserk.
 17300 | Lair:4   | Reached skill level 16 in Fighting
 17303 | Lair:4   | 17303 ||| INVOKING Brothers in Arms.
 17306 | Lair:4   | 17306 ||| SWAPPING to +0 morningstar.
 17308 | Lair:4   | 17308 ||| INVOKING Berserk.
 17331 | Lair:4   | 17331 ||| SWAPPING to +4 vampiric hand axe.
 17446 | Lair:4   | 17446 ||| Stepping ~*~*~tactically~*~*~ (stealth).
 17454 | Lair:4   | 17454 ||| SWAPPING to +0 morningstar.
 17455 | Lair:4   | 17455 ||| INVOKING Berserk.
 17497 | Lair:4   | 17497 ||| SWAPPING to +4 vampiric hand axe.
 17611 | Lair:4   | 17611 ||| Stepping ~*~*~tactically~*~*~ (hiding).
 17662 | Lair:4   | 17662 ||| INVOKING Berserk.
 17965 | Lair:4   | 17965 ||| INVOKING Berserk.
 18111 | Lair:4   | 18111 ||| INVOKING Brothers in Arms.
 18112 | Lair:4   | 18112 ||| INVOKING Brothers in Arms.
 18113 | Lair:4   | 18113 ||| INVOKING Brothers in Arms.
 18114 | Lair:4   | 18114 ||| INVOKING Brothers in Arms.
 18115 | Lair:4   | 18115 ||| INVOKING Brothers in Arms.
 18116 | Lair:4   | 18116 ||| INVOKING Brothers in Arms.
 18117 | Lair:4   | 18117 ||| INVOKING Brothers in Arms.
 18118 | Lair:4   | 18118 ||| INVOKING Brothers in Arms.
 18119 | Lair:4   | 18119 ||| INVOKING Brothers in Arms.
 18120 | Lair:4   | 18120 ||| INVOKING Brothers in Arms.
 18121 | Lair:4   | 18121 ||| INVOKING Brothers in Arms.
 18122 | Lair:4   | 18122 ||| INVOKING Brothers in Arms.
 18123 | Lair:4   | 18123 ||| INVOKING Brothers in Arms.
 18124 | Lair:4   | 18124 ||| INVOKING Brothers in Arms.
 18125 | Lair:4   | 18125 ||| INVOKING Brothers in Arms.
 18126 | Lair:4   | 18126 ||| INVOKING Brothers in Arms.
 18127 | Lair:4   | 18127 ||| INVOKING Brothers in Arms.
 18128 | Lair:4   | 18128 ||| INVOKING Brothers in Arms.
 18129 | Lair:4   | 18129 ||| INVOKING Brothers in Arms.
 18130 | Lair:4   | 18130 ||| SWAPPING to +0 morningstar.
 18131 | Lair:4   | 18131 ||| INVOKING Berserk.
 18183 | Lair:4   | 18183 ||| SWAPPING to +4 vampiric hand axe.
 18224 | Lair:4   | 18224 ||| INVOKING Berserk.
 18264 | Lair:4   | Reached skill level 17 in Fighting
 18493 | Lair:4   | Found a viscous altar of Jiyva.
 18500 | Lair:4   | Found a staircase to the Slime Pits.
 18642 | Lair:5   | Entered Level 5 of the Lair of Beasts
 18696 | Lair:5   | 18696 ||| Stepping ~*~*~tactically~*~*~ (stealth).
 18731 | Lair:5   | 18731 ||| FLEEEEING.
 18732 | Lair:5   | 18732 ||| FLEEEEING.
 18733 | Lair:5   | 18733 ||| FLEEEEING.
 18734 | Lair:5   | 18734 ||| FLEEEEING.
 18735 | Lair:5   | 18735 ||| FLEEEEING.
 18736 | Lair:5   | 18736 ||| FLEEEEING.
 18737 | Lair:5   | 18737 ||| FLEEEEING.
 18738 | Lair:5   | 18738 ||| FLEEEEING.
 18739 | Lair:5   | 18739 ||| FLEEEEING.
 18740 | Lair:5   | 18740 ||| FLEEEEING.
 18741 | Lair:5   | 18741 ||| FLEEEEING.
 18742 | Lair:5   | 18742 ||| FLEEEEING.
 18743 | Lair:5   | 18743 ||| FLEEEEING.
 18744 | Lair:5   | 18744 ||| FLEEEEING.
 18745 | Lair:5   | 18745 ||| FLEEEEING.
 18746 | Lair:5   | 18746 ||| FLEEEEING.
 18747 | Lair:5   | 18747 ||| FLEEEEING.
 18749 | Lair:5   | 18749 ||| INVOKING Berserk.
 18767 | Lair:5   | 18767 ||| Stepping ~*~*~tactically~*~*~ (stealth).
 18798 | Lair:5   | 18798 ||| Stepping ~*~*~tactically~*~*~ (water).
 18807 | Lair:5   | 18807 ||| INVOKING Berserk.
 18810 | Lair:5   | Reached XP level 14. HP: 140/140 MP: 13/13
 18961 | Lair:5   | 18961 ||| Stepping ~*~*~tactically~*~*~ (hiding).
 19281 | Lair:5   | 19281 ||| Stepping ~*~*~tactically~*~*~ (hiding).
 19284 | Lair:5   | 19284 ||| Stepping ~*~*~tactically~*~*~ (hiding).
 19334 | Lair:5   | Identified the +5 trident "Kag Udao" {elec, *Noise Fly
                  | Will++ SInv}
 19338 | Lair:5   | 19338 ||| FLEEEEING.
 19339 | Lair:5   | 19339 ||| FLEEEEING.
 19340 | Lair:5   | 19340 ||| FLEEEEING.
 19341 | Lair:5   | 19341 ||| FLEEEEING.
 19342 | Lair:5   | 19342 ||| FLEEEEING.
 19384 | Lair:5   | 19384 ||| Stepping ~*~*~tactically~*~*~ (stealth).
 19437 | Lair:5   | 19437 ||| Stepping ~*~*~tactically~*~*~ (hiding).
 19478 | Lair:5   | 19478 ||| Stepping ~*~*~tactically~*~*~ (stealth).
 19520 | Lair:5   | 19520 ||| INVOKING Berserk.
 19527 | Lair:5   | Reached skill level 15 in Armour
 19770 | Lair:5   | 19770 ||| DROPPING +1 vorpal war axe.
 19829 | Lair:5   | 19829 ||| INVOKING Brothers in Arms.
 19830 | Lair:5   | 19830 ||| INVOKING Brothers in Arms.
 19831 | Lair:5   | 19831 ||| INVOKING Brothers in Arms.
 19832 | Lair:5   | 19832 ||| SWAPPING to +0 morningstar.
 19833 | Lair:5   | 19833 ||| Stepping ~*~*~tactically~*~*~ (water).
 19834 | Lair:5   | 19834 ||| INVOKING Berserk.
 19844 | Lair:5   | 19844 ||| SWAPPING to +4 vampiric hand axe.
 20010 | Lair:5   | 20010 ||| Stepping ~*~*~tactically~*~*~ (cloud).
 20011 | Lair:5   | 20011 ||| INVOKING Berserk.
 20032 | Lair:5   | 20032 ||| Stepping ~*~*~tactically~*~*~ (cloud).
 20036 | Lair:5   | 20036 ||| Stepping ~*~*~tactically~*~*~ (cloud).
 20037 | Lair:5   | 20037 ||| Stepping ~*~*~tactically~*~*~ (cloud).
 20038 | Lair:5   | 20038 ||| Stepping ~*~*~tactically~*~*~ (cloud).
 20039 | Lair:5   | 20039 ||| Stepping ~*~*~tactically~*~*~ (cloud).
 20215 | Lair:5   | 20215 ||| INVOKING Trog's Hand.
 20242 | Lair:5   | 20242 ||| INVOKING Trog's Hand.
 20267 | Lair:5   | Identified the +6 rapier of Hisiqiko {vorpal, Will+ Str+3
                  | Dex+5}
 20374 | Lair:5   | 20374 ||| PLANNING D:1-11
 20374 | Lair:5   | 20374 ||| READING scroll labelled BUNKURONODGH.
 20375 | Lair:5   | 20375 ||| READING 6 scrolls of identify.
 20375 | Lair:5   | 20375 ||| IDENTIFYING orange potion
 20506 | D:11     | 20506 ||| INVOKING Berserk.
 20521 | D:11     | Reached skill level 18 in Fighting
 20641 | D:11     | 20641 ||| Stepping ~*~*~tactically~*~*~ (stealth).
 20642 | D:11     | 20642 ||| INVOKING Berserk.
 20661 | D:11     | 20661 ||| FLEEEEING.
 20665 | D:11     | 20665 ||| FLEEEEING.
 20666 | D:11     | 20666 ||| STAIRDANCE
 20788 | D:11     | 20788 ||| Stepping ~*~*~tactically~*~*~ (stealth).
 20799 | D:11     | Found a staircase to the Orcish Mines.
 20809 | D:11     | 20809 ||| Stepping ~*~*~tactically~*~*~ (stealth).
 20827 | D:11     | 20827 ||| Stepping ~*~*~tactically~*~*~ (hiding).
 20842 | D:11     | 20842 ||| Stepping ~*~*~tactically~*~*~ (stealth).
 20863 | D:11     | 20863 ||| Stepping ~*~*~tactically~*~*~ (stealth).
 20992 | D:11     | Reached skill level 3 in Throwing
 21005 | D:11     | 21005 ||| Stepping ~*~*~tactically~*~*~ (hiding).
 21133 | D:11     | 21133 ||| INVOKING Berserk.
 21350 | D:11     | 21350 ||| Stepping ~*~*~tactically~*~*~ (stealth).
 21776 | D:11     | 21776 ||| PLANNING D
 21792 | D:12     | Found Lotiaten's Magic Scroll Boutique.
 21795 | D:12     | 21795 ||| BUYING scroll of identify (22 gold).
 21795 | D:12     | Bought a scroll of identify for 22 gold pieces
 21795 | D:12     | 21795 ||| BUYING scroll of identify (22 gold).
 21795 | D:12     | Bought a scroll of identify for 22 gold pieces
 21795 | D:12     | 21795 ||| BUYING scroll of teleportation (33 gold).
 21795 | D:12     | Bought a scroll of teleportation for 33 gold pieces
 22407 | D:12     | 22407 ||| DROPPING ring of protection from cold.
 22408 | D:12     | 22408 ||| DROPPING +6 ring of dexterity.
 22409 | D:12     | 22409 ||| UPGRADING to +4 ring of protection.
 22543 | D:13     | 22543 ||| Stepping ~*~*~tactically~*~*~ (hiding).
 22546 | D:13     | 22546 ||| Stepping ~*~*~tactically~*~*~ (hiding).
 22553 | D:13     | 22553 ||| Stepping ~*~*~tactically~*~*~ (hiding).
 22560 | D:13     | Found a frozen archway.
 22579 | D:13     | 22579 ||| INVOKING Berserk.
 22680 | D:13     | 22680 ||| Stepping ~*~*~tactically~*~*~ (hiding).
 23180 | D:13     | Reached skill level 6 in Throwing
 23417 | D:13     | Found a hazy altar of Hepliaklqana.
 23441 | D:13     | 23441 ||| DROPPING ring of positive energy.
 23442 | D:13     | 23442 ||| READING 10 scrolls of identify.
 23442 | D:13     | 23442 ||| IDENTIFYING bubbling white potion
 23557 | D:14     | 23557 ||| INVOKING Berserk.
 23678 | D:14     | 23678 ||| INVOKING Berserk.
 23780 | D:14     | 23780 ||| FLEEEEING.
 23781 | D:14     | 23781 ||| FLEEEEING.
 23786 | D:14     | 23786 ||| Stepping ~*~*~tactically~*~*~ (hiding).
 23787 | D:14     | 23787 ||| Stepping ~*~*~tactically~*~*~ (hiding).
 23844 | D:14     | 23844 ||| Stepping ~*~*~tactically~*~*~ (hiding).
 23859 | D:14     | 23859 ||| Stepping ~*~*~tactically~*~*~ (hiding).
 23903 | D:14     | 23903 ||| FLEEEEING.
 23927 | D:14     | 23927 ||| INVOKING Trog's Hand.
 23961 | D:14     | Reached XP level 15. HP: 146/149 MP: 14/14
 23987 | D:14     | Paralysed by something for 5 turns
 23999 | D:14     | 23999 ||| INVOKING Trog's Hand.
 24045 | D:14     | 24045 ||| INVOKING Berserk.
 24065 | D:14     | 24065 ||| Invisible monster not found???
 24097 | D:14     | 24097 ||| INVOKING Trog's Hand.
 24161 | D:14     | 24161 ||| INVOKING Trog's Hand.
 24162 | D:14     | 24162 ||| INVOKING Berserk.
 24170 | D:14     | 24170 ||| Invisible monster not found???
 24207 | D:14     | 24207 ||| INVOKING Trog's Hand.
 24215 | D:14     | 24215 ||| INVOKING Berserk.
 24381 | D:14     | Found a gate to the Vaults.
 24383 | D:14     | 24383 ||| Stepping ~*~*~tactically~*~*~ (stealth).
 24384 | D:14     | 24384 ||| Stepping ~*~*~tactically~*~*~ (stealth).
 24441 | D:14     | 24441 ||| FLEEEEING.
 24443 | D:14     | 24443 ||| FLEEEEING.
 24444 | D:14     | 24444 ||| FLEEEEING.
 24445 | D:14     | 24445 ||| FLEEEEING.
 24446 | D:14     | 24446 ||| FLEEEEING.
 24447 | D:14     | 24447 ||| FLEEEEING.
 24448 | D:14     | 24448 ||| FLEEEEING.
 24449 | D:14     | 24449 ||| FLEEEEING.
 24450 | D:14     | 24450 ||| FLEEEEING.
 24451 | D:14     | 24451 ||| FLEEEEING.
 24463 | D:14     | 24463 ||| INVOKING Berserk.
 24774 | D:14     | 24774 ||| Stepping ~*~*~tactically~*~*~ (stealth).
 24813 | D:14     | 24813 ||| Stepping ~*~*~tactically~*~*~ (stealth).
 24815 | D:14     | 24815 ||| SWAPPING to +0 morningstar.
 24816 | D:14     | 24816 ||| INVOKING Berserk.
 24830 | D:14     | 24830 ||| SWAPPING to +4 vampiric hand axe.
 24958 | D:14     | 24958 ||| Stepping ~*~*~tactically~*~*~ (hiding).
 25101 | D:14     | 25101 ||| SWAPPING to +0 morningstar.
 25102 | D:14     | 25102 ||| INVOKING Berserk.
 25110 | D:14     | 25110 ||| SWAPPING to +4 vampiric hand axe.
 25474 | D:15     | Entered Level 15 of the Dungeon
 25522 | D:15     | 25522 ||| INVOKING Berserk.
 25538 | D:15     | Reached skill level 9 in Throwing
 25653 | D:15     | 25653 ||| Stepping ~*~*~tactically~*~*~ (hiding).
 25689 | D:15     | 25689 ||| Stepping ~*~*~tactically~*~*~ (hiding).
 25733 | D:15     | 25733 ||| INVOKING Berserk.
 25896 | D:15     | 25896 ||| INVOKING Berserk.
 26021 | D:15     | 26021 ||| Stepping ~*~*~tactically~*~*~ (stealth).
 26025 | D:15     | 26025 ||| Stepping ~*~*~tactically~*~*~ (stealth).
 26036 | D:15     | 26036 ||| Stepping ~*~*~tactically~*~*~ (stealth).
 26041 | D:15     | 26041 ||| Stepping ~*~*~tactically~*~*~ (stealth).
 26044 | D:15     | 26044 ||| INVOKING Berserk.
 26191 | D:15     | 26191 ||| SWAPPING to +0 morningstar.
 26193 | D:15     | 26193 ||| SWAPPING to +4 vampiric hand axe.
 26207 | D:15     | 26207 ||| Stepping ~*~*~tactically~*~*~ (hiding).
 26209 | D:15     | 26209 ||| Stepping ~*~*~tactically~*~*~ (hiding).
 26212 | D:15     | 26212 ||| INVOKING Trog's Hand.
 26215 | D:15     | 26215 ||| INVOKING Berserk.
 26398 | D:15     | Found a staircase to the Depths.
 26500 | D:15     | 26500 ||| SWAPPING to +0 morningstar.
 26501 | D:15     | 26501 ||| FLEEEEING.
 26502 | D:15     | 26502 ||| FLEEEEING.
 26503 | D:15     | 26503 ||| FLEEEEING.
 26504 | D:15     | 26504 ||| FLEEEEING.
 26505 | D:15     | 26505 ||| FLEEEEING.
 26506 | D:15     | 26506 ||| FLEEEEING.
 26507 | D:15     | 26507 ||| FLEEEEING.
 26508 | D:15     | 26508 ||| FLEEEEING.
 26509 | D:15     | 26509 ||| FLEEEEING.
 26510 | D:15     | 26510 ||| FLEEEEING.
 26511 | D:15     | 26511 ||| FLEEEEING.
 26512 | D:15     | 26512 ||| FLEEEEING.
 26513 | D:15     | 26513 ||| FLEEEEING.
 26514 | D:15     | 26514 ||| FLEEEEING.
 26515 | D:15     | 26515 ||| FLEEEEING.
 26516 | D:15     | 26516 ||| FLEEEEING.
 26517 | D:15     | 26517 ||| FLEEEEING.
 26518 | D:15     | 26518 ||| FLEEEEING.
 26519 | D:15     | 26519 ||| FLEEEEING.
 26520 | D:15     | 26520 ||| FLEEEEING.
 26521 | D:15     | 26521 ||| FLEEEEING.
 26522 | D:15     | 26522 ||| FLEEEEING.
 26523 | D:15     | 26523 ||| FLEEEEING.
 26524 | D:15     | 26524 ||| FLEEEEING.
 26525 | D:15     | 26525 ||| FLEEEEING.
 26526 | D:15     | 26526 ||| FLEEEEING.
 26527 | D:15     | 26527 ||| FLEEEEING.
 26528 | D:15     | 26528 ||| FLEEEEING.
 26529 | D:15     | 26529 ||| FLEEEEING.
 26530 | D:15     | 26530 ||| FLEEEEING.
 26531 | D:15     | 26531 ||| STAIRDANCE
 26533 | D:14     | 26533 ||| SWAPPING to +4 vampiric hand axe.
 26636 | D:15     | 26636 ||| SWAPPING to +0 morningstar.
 26637 | D:15     | 26637 ||| INVOKING Berserk.
 26646 | D:15     | 26646 ||| STAIRDANCE
 26648 | D:14     | 26648 ||| SWAPPING to +4 vampiric hand axe.
 26758 | D:15     | 26758 ||| SWAPPING to +0 morningstar.
 26759 | D:15     | 26759 ||| INVOKING Berserk.
 26766 | D:15     | 26766 ||| SWAPPING to +4 vampiric hand axe.
 26928 | D:15     | Found a transporter.
 26930 | D:15     | Found a transporter.
 26931 | D:15     | Noticed Xiestris's ghost (journeyman DsGl)
 27067 | D:15     | 27067 ||| PLANNING ORC
 27164 | Orc:1    | Entered Level 1 of the Orcish Mines
 27194 | Orc:1    | 27194 ||| INVOKING Berserk.
 27478 | Orc:2    | Entered Level 2 of the Orcish Mines
 27491 | Orc:2    | 27491 ||| FLEEEEING.
 27505 | Orc:2    | 27505 ||| INVOKING Berserk.
 27549 | Orc:2    | Noticed an orc warlord
 27550 | Orc:2    | 27550 ||| Stepping ~*~*~tactically~*~*~ (hiding).
 27577 | Orc:2    | Reached skill level 19 in Fighting
 27580 | Orc:2    | Reached ***** piety under Trog
 27581 | Orc:2    | 27581 ||| INVOKING Brothers in Arms.
 27599 | Orc:2    | HP: 32/152 [orc knight/+0 war axe (21)]
 27600 | Orc:2    | 27600 ||| READING 12 scrolls of teleportation.
 27601 | Orc:2    | 27601 ||| DRINKING 6 potions of heal wounds.
 27603 | Orc:2    | 27603 ||| DRINKING 5 potions of heal wounds.
 27604 | Orc:2    | 27604 ||| DRINKING 4 potions of heal wounds.
 27720 | Orc:2    | Found an iron altar of Okawaru.
 27726 | Orc:2    | 27726 ||| INVOKING Berserk.
 27737 | Orc:2    | Killed an orc warlord
 27850 | Orc:2    | 27850 ||| INVOKING Berserk.
 28093 | Orc:2    | 28093 ||| INVOKING Berserk.
 28252 | Orc:2    | Found Heffuyga's Weapon Emporium.
 28279 | Orc:2    | Found a staircase to the Elven Halls.
 28323 | Orc:2    | 28323 ||| Stepping ~*~*~tactically~*~*~ (stealth).
 28325 | Orc:2    | 28325 ||| Stepping ~*~*~tactically~*~*~ (stealth).
 28326 | Orc:2    | 28326 ||| INVOKING Berserk.
 28391 | Orc:2    | 28391 ||| Stepping ~*~*~tactically~*~*~ (stealth).
 28410 | Orc:2    | Found Dixkeek's Assorted Antiques.
 28413 | Orc:2    | 28413 ||| Stepping ~*~*~tactically~*~*~ (stealth).
 28414 | Orc:2    | 28414 ||| INVOKING Berserk.
 28425 | Orc:2    | 28425 ||| FLEEEEING.
 28426 | Orc:2    | 28426 ||| FLEEEEING.
 28427 | Orc:2    | 28427 ||| FLEEEEING.
 28428 | Orc:2    | 28428 ||| FLEEEEING.
 28429 | Orc:2    | 28429 ||| FLEEEEING.
 28432 | Orc:2    | 28432 ||| FLEEEEING.
 28433 | Orc:2    | 28433 ||| FLEEEEING.
 28434 | Orc:2    | 28434 ||| FLEEEEING.
 28435 | Orc:2    | 28435 ||| FLEEEEING.
 28436 | Orc:2    | 28436 ||| FLEEEEING.
 28437 | Orc:2    | 28437 ||| FLEEEEING.
 28438 | Orc:2    | 28438 ||| FLEEEEING.
 28440 | Orc:2    | 28440 ||| FLEEEEING.
 28442 | Orc:2    | 28442 ||| FLEEEEING.
 28443 | Orc:2    | 28443 ||| FLEEEEING.
 28444 | Orc:2    | 28444 ||| FLEEEEING.
 28445 | Orc:2    | 28445 ||| FLEEEEING.
 28446 | Orc:2    | 28446 ||| FLEEEEING.
 28447 | Orc:2    | 28447 ||| FLEEEEING.
 28502 | Orc:2    | 28502 ||| Stepping ~*~*~tactically~*~*~ (stealth).
 28549 | Orc:2    | 28549 ||| Stepping ~*~*~tactically~*~*~ (stealth).
 28550 | Orc:2    | 28550 ||| Stepping ~*~*~tactically~*~*~ (stealth).
 28558 | Orc:2    | Found Asoamev's Magic Scroll Boutique.
 28563 | Orc:2    | Found Hateit's Antique Armour Boutique.
 28569 | Orc:2    | 28569 ||| BUYING scroll of enchant armour (97 gold).
 28569 | Orc:2    | Bought a scroll of enchant armour for 97 gold pieces
 28569 | Orc:2    | 28569 ||| BUYING scroll of enchant weapon (97 gold).
 28569 | Orc:2    | Bought a scroll of enchant weapon for 97 gold pieces
 28569 | Orc:2    | 28569 ||| BUYING scroll of teleportation (39 gold).
 28569 | Orc:2    | Bought a scroll of teleportation for 39 gold pieces
 28569 | Orc:2    | 28569 ||| READING scroll of enchant armour.
 28569 | Orc:2    | 28569 ||| ENCHANTING +1 pair of boots.
 28570 | Orc:2    | 28570 ||| READING scroll of enchant weapon.
 28570 | Orc:2    | 28570 ||| ENCHANTING +4 vampiric hand axe.
 28595 | Orc:2    | 28595 ||| BUYING potion of curing (78 gold).
 28595 | Orc:2    | Bought a potion of curing for 78 gold pieces
 28595 | Orc:2    | 28595 ||| BUYING ring of poison resistance (520 gold).
 28595 | Orc:2    | Bought a ring of poison resistance for 520 gold pieces
 28595 | Orc:2    | 28595 ||| BUYING scroll of enchant armour (195 gold).
 28595 | Orc:2    | Bought a scroll of enchant armour for 195 gold pieces
 28595 | Orc:2    | 28595 ||| BUYING scroll of teleportation (78 gold).
 28595 | Orc:2    | Bought a scroll of teleportation for 78 gold pieces
 28595 | Orc:2    | 28595 ||| READING scroll of enchant armour.
 28595 | Orc:2    | 28595 ||| ENCHANTING +0 cloak.
 28689 | Orc:2    | 28689 ||| Stepping ~*~*~tactically~*~*~ (stealth).
 28819 | Orc:2    | Found Qitiec's Antique Armour Emporium.
 28825 | Orc:2    | 28825 ||| BUYING kite shield (90 gold).
 28825 | Orc:2    | Bought a kite shield for 90 gold pieces
 28881 | Orc:2    | 28881 ||| UPGRADING to +0 kite shield.
 28891 | Orc:2    | 28891 ||| DROPPING +2 buckler.
 29177 | Orc:1    | 29177 ||| PLANNING SPIDER:1-3
 29303 | Spider:1 | Entered Level 1 of the Spider Nest
 29307 | Spider:1 | 29307 ||| INVOKING Brothers in Arms.
 29308 | Spider:1 | 29308 ||| INVOKING Brothers in Arms.
 29309 | Spider:1 | 29309 ||| INVOKING Brothers in Arms.
 29310 | Spider:1 | 29310 ||| INVOKING Brothers in Arms.
 29311 | Spider:1 | 29311 ||| INVOKING Brothers in Arms.
 29312 | Spider:1 | 29312 ||| INVOKING Berserk.
 29332 | Spider:1 | Reached XP level 16. HP: 157/160 MP: 15/15
 29354 | Spider:1 | 29354 ||| Stepping ~*~*~tactically~*~*~ (stealth).
 29355 | Spider:1 | 29355 ||| Stepping ~*~*~tactically~*~*~ (stealth).
 29357 | Spider:1 | 29357 ||| INVOKING Brothers in Arms.
 29358 | Spider:1 | 29358 ||| INVOKING Brothers in Arms.
 29359 | Spider:1 | 29359 ||| INVOKING Brothers in Arms.
 29360 | Spider:1 | 29360 ||| INVOKING Brothers in Arms.
 29361 | Spider:1 | 29361 ||| Stepping ~*~*~tactically~*~*~ (hiding).
 29362 | Spider:1 | 29362 ||| Stepping ~*~*~tactically~*~*~ (hiding).
 29364 | Spider:1 | 29364 ||| INVOKING Brothers in Arms.
 29365 | Spider:1 | 29365 ||| INVOKING Brothers in Arms.
 29366 | Spider:1 | 29366 ||| INVOKING Brothers in Arms.
 29367 | Spider:1 | 29367 ||| INVOKING Brothers in Arms.
 29374 | Spider:1 | Reached skill level 12 in Shields
 29506 | Spider:1 | 29506 ||| Stepping ~*~*~tactically~*~*~ (stealth).
 29691 | Spider:1 | Identified the +0 leather armour of the Insatiable Beasts
                  | {rC+ Int+2}
 29926 | Spider:2 | 29926 ||| STAIRDANCE
 29930 | Spider:2 | 29930 ||| STAIRDANCE
 29934 | Spider:2 | 29934 ||| STAIRDANCE
 29955 | Spider:2 | 29955 ||| STAIRDANCE
 29978 | Spider:2 | 29978 ||| STAIRDANCE
 29991 | Spider:2 | 29991 ||| INVOKING Brothers in Arms.
 29992 | Spider:2 | 29992 ||| INVOKING Brothers in Arms.
 30028 | Spider:2 | 30028 ||| INVOKING Brothers in Arms.
 30035 | Spider:2 | 30035 ||| INVOKING Berserk.
 30069 | Spider:2 | 30069 ||| INVOKING Brothers in Arms.
 30070 | Spider:2 | 30070 ||| INVOKING Brothers in Arms.
 30084 | Spider:2 | 30084 ||| DRINKING potion of cancellation.
 30091 | Spider:2 | 30091 ||| INVOKING Brothers in Arms.
 30094 | Spider:2 | 30094 ||| INVOKING Brothers in Arms.
 30095 | Spider:2 | 30095 ||| INVOKING Brothers in Arms.
 30096 | Spider:2 | 30096 ||| INVOKING Brothers in Arms.
 30097 | Spider:2 | 30097 ||| INVOKING Brothers in Arms.
 30098 | Spider:2 | 30098 ||| INVOKING Brothers in Arms.
 30099 | Spider:2 | 30099 ||| INVOKING Brothers in Arms.
 30103 | Spider:2 | HP: 39/160 [poisoned by a redback]
 30104 | Spider:2 | 30104 ||| READING 13 scrolls of teleportation.
 30105 | Spider:2 | 30105 ||| DRINKING 3 potions of heal wounds.
 30106 | Spider:2 | 30106 ||| DRINKING 2 potions of heal wounds.
 30107 | Spider:2 | 30107 ||| DRINKING potion of heal wounds.
 30108 | Spider:2 | HP: 26/160 [poisoned by a redback]
 30108 | Spider:2 | HP: 10/160 [redback (16)]
 30110 | Spider:2 | 30110 ||| DRINKING 10 potions of curing.
 30110 | Spider:2 | 30110 ||| (to cure poison)
 30126 | Spider:2 | 30126 ||| READING 12 scrolls of teleportation.
 30127 | Spider:2 | 30127 ||| INVOKING Berserk.
 30137 | Spider:2 | HP: 54/240 [boulder beetle (16)]
 30142 | Spider:2 | HP: 37/231 [poisoned by a redback]
 30145 | Spider:2 | HP: 15/231 [jorogumo (12)]
 30146 | Spider:2 | HP: 3/231 [entropy weaver (8)]
 30147 | Spider:2 | Demolished by a boulder beetle

Levels and vault maps discovered:
D:1:      minmay_arrival_checkered_box, layout_rooms,
          shapermc_ecumenical_altar_totnotflames
D:2:      layout_basic, basic_altar, minmay_misc_feat_diagonals,
          hangedman_decor_clover_reticule, uniq_natasha, uniq_sigmund
D:3:      layout_loops_ring, old_standard_altar, minmay_goblin_kobold_house,
          uniq_terence
D:4:      layout_gridville, kiku_gazebo_pond_becter, gup_sewer_entry_bowl,
          uniq_robin, uniq_pikel, uniq_pargi, uniq_crazy_yiuf_cottage
D:5:      layout_loops_corners
D:6:      layout_rooms, amethyst_overflow_temple_binary,
          mainiacjoe_overflow_small_starburst, minmay_temple_entry_ruins,
          amcnicky_mini_pool_small, uniq_duvessa, uniq_grinder, uniq_menkaure,
          uniq_prince_ribbit1
D:7:      layout_basic, minivault_10, hangedman_abyss_or_decor_stabs
D:8:      layout_basic, guppyfry_early_elven_hall, uniq_gastronok
D:9:      layout_stronghold, okawaru_altar_gauntlet_db, enter_bailey_1,
          uniq_joseph
D:10:     nicolae_cairo_tiling_large_dashed, layout_basic,
          riverfiend_overflow_shadow_ancestor, chequers_serial_rivers_micro_c
D:11:     layout_loops_ring, erik_orc_3, minmay_starry_boxes
D:12:     layout_loops_cross, nicolae_stop_n_shop_2
D:13:     layout_basic, portal_ice_cave_entry_imps,
          nicolae_hepliaklqana_hippocampus
D:14:     layout_irregular_city, grunt_vaults_entry_fortified,
          nicolae_figureground_pulse, nicolae_eternal_life, drop_trap
D:15:     hangedman_depths_entry_civil_slaughter, layout_long_grid,
          gammafunk_ghost_hive
Lair:1:   layout_chaotic_city, basic_altar, uniq_maggie
Lair:2:   layout_roguey, minmay_shoals_entry_lonely_mermaid,
          chequers_serial_rivers_room_a, grunt_megastairs_4
Lair:3:   minmay_lair_oklob_tunnel, layout_loops_ring, spider_nest_entry_a,
          serial_bayou_lagoon_a, minivault_25, lemuel_fruit_fields
Lair:4:   layout_small_grid, dpeg_slime_entry_corner,
          nicolae_lair_lakeside_cave, serial_bayou_shore_a
Lair:5:   gammafunk_lair_ancient_temple, layout_cave_pods,
          chequers_serial_rivers_room_b, nicolae_lair_lindhole,
          infiniplex_staircase_pool
Spider:1: layout_spider_delve
Spider:2: layout_spider_delve, uniq_roxanne
Orc:1:    layout_caves
Orc:2:    hellmonk_orc_salted, layout_caves, serial_shops, shop,
          david_defended_altar_orc

Skill      XL: |  1  2  3  4  5  6  7  8  9 10 11 12 13 14 15 16 |
---------------+-------------------------------------------------+-----
Axes           | 4 5 6 8 9 11 13 14 | 14.1
Fighting       | 7 8 11 12 14 17 18 19 | 19.0
Dodging        | 3 5 6 8 9 10 11 | 11.0
Armour         | 5 6 9 11 13 14 15 16 | 16.6
Throwing       | 1 7 10 | 10.0
Shields        | 8 9 10 11 14 | 14.7

Action                   |  1- 3 |  4- 6 |  7- 9 | 10-12 | 13-15 | 16-18 || total
-------------------------+-------+-------+-------+-------+-------+-------++-------
Melee: Hand axe          |    49 |    88 |   273 |   642 |  1596 |   274 ||  2922
       Headbutt          |     6 |    12 |    57 |   160 |   459 |    77 ||   771
       Kick              |     1 |    15 |    73 |       |       |       ||    89
       Punch             |       |     1 |     5 |     3 |       |       ||     9
       Morningstar       |       |       |       |     2 |    40 |       ||    42
Throw: Boomerang         |       |       |     6 |    12 |    38 |    38 ||    94
       Javelin           |       |       |       |       |    66 |     5 ||    71
Invok: Berserk           |     1 |     8 |    14 |    16 |    45 |     2 ||    86
       Trog's Hand       |       |       |     1 |       |     8 |       ||     9
       Brothers in Arms  |       |       |       |     2 |     6 |     6 ||    14
  Use: Scroll            |     5 |     3 |    12 |     7 |     8 |     2 ||    37
       Potion            |     1 |     5 |       |       |     4 |     5 ||    15
 Stab: Petrified         |       |       |       |       |    16 |       ||    16
       Petrifying        |       |       |       |       |     2 |       ||     2
       Distracted        |       |       |       |       |     1 |       ||     1
Armor: Animal skin       |     3 |     4 |       |       |       |       ||     7
       Ring mail         |       |     7 |       |       |       |       ||     7
       Leather armour    |       |     3 |       |       |       |       ||     3
       Scale mail        |       |     2 |    26 |       |       |       ||    28
       Plate armour      |       |       |    98 |   192 |   674 |   219 ||  1183
Dodge: Dodged            |    35 |    35 |    77 |   285 |   810 |   278 ||  1520
Block: Buckler           |       |       |       |   102 |   511 |       ||   613
       Kite shield       |       |       |       |       |    27 |   288 ||   315

Table legend:
 A = Non-vault XP
 B = Vault XP
 C = Vault XP percentage of total XP
 D = Non-vault monster count
 E = Vault monster count
 F = Vault count percentage of total count
                 A         B        C        D         E       F
            +---------+---------+-------+---------+---------+-------
      Total |  126141 |   51193 |  28.9 |     598 |     187 |  23.8
            +---------+---------+-------+---------+---------+-------
        D:1 |      38 |       0 |   0.0 |      19 |       0 |   0.0
        D:2 |     216 |     249 |  53.5 |      22 |       2 |   8.3
        D:3 |      84 |      42 |  33.3 |      16 |       6 |  27.3
        D:4 |     474 |     811 |  63.1 |      23 |      18 |  43.9
        D:5 |     468 |       0 |   0.0 |      16 |       0 |   0.0
        D:6 |     695 |     934 |  57.3 |      15 |       5 |  25.0
        D:7 |    1149 |       0 |   0.0 |      24 |       0 |   0.0
        D:8 |    1220 |    2175 |  64.1 |      30 |       2 |   6.2
        D:9 |    3749 |     494 |  11.6 |      37 |       7 |  15.9
       D:10 |    2510 |       0 |   0.0 |      14 |       0 |   0.0
       D:11 |    4056 |    2457 |  37.7 |      15 |      21 |  58.3
       D:12 |    1020 |       0 |   0.0 |       9 |       0 |   0.0
       D:13 |    5461 |     122 |   2.2 |      13 |      12 |  48.0
       D:14 |   10471 |    7145 |  40.6 |      26 |      10 |  27.8
       D:15 |   14631 |    3957 |  21.3 |      31 |       6 |  16.2
     Lair:1 |    4589 |     395 |   7.9 |      24 |       1 |   4.0
     Lair:2 |    7366 |    1649 |  18.3 |      23 |       7 |  23.3
     Lair:3 |   12107 |    2834 |  19.0 |      31 |       6 |  16.2
     Lair:4 |    9968 |    7632 |  43.4 |      31 |      22 |  41.5
     Lair:5 |   12654 |    7843 |  38.3 |      35 |      20 |  36.4
   Spider:1 |   19156 |       0 |   0.0 |      58 |       0 |   0.0
   Spider:2 |    9403 |       0 |   0.0 |      28 |       0 |   0.0
      Orc:1 |    3236 |       0 |   0.0 |      48 |       0 |   0.0
      Orc:2 |    1420 |   12454 |  89.8 |      10 |      42 |  80.8
            +---------+---------+-------+---------+---------+-------
